[Event "*** Qualifier 1: Titled Tuesday 3|2 Blitz"]
[Site "Chess.com"]
[Date "2017.04.04"]
[Round "10"]
[White "MorpheusPro"]
[Black "AndrewMcStone"]
[Result "0-1"]
[WhiteElo "2096"]
[BlackElo "2029"]
[TimeControl "180+2"]
[EndTime "15:22:54 PDT"]
[Termination "AndrewMcStone won by resignation"]

1. d4 e6 2. c4 f5 3. Nc3 Nf6 4. Nf3 Bb4 5. Bg5 O-O 6. e3 b6 7. Bd3 Bb7 8. O-O Bxc3 9. bxc3 Qe8 10. Bf4 d6 11. c5 Ne4 12. cxd6 cxd6 13. Bxe4 fxe4 14.
Nd2 d5 15. c4 Nd7 16. Rc1 Rc8 17. Qg4 Rf6 18. cxd5 exd5 19. Rxc8 Qxc8 20. Nb3 Rg6 21.
Qf5 Rf6 22. Qh3 Ba6 23. Rc1 Bc4 24. Nd2 b5 25. f3 exf3 26. Nxf3 Nb6 27. Qxc8+ Nxc8 28.
Ne5 Nd6 29. Nd7 Re6 30. Nc5 Rg6 31. Bxd6 Rxd6 32. a3 Rf6 33. e4 dxe4 34. Nxe4 Re6 35. Nc5 Rd6 36. Rd1 Kf7 37. Ne4 Rd7 38. Ng3 a5 39.
Nf5 g6 40. Ne3 Bd5 41. Ng4 Rc7 42. Ne5+ Ke6 43. Rb1 Rb7 44. Rf1 b4 45. axb4 axb4 46. Nd3 Rb5 47. Re1+ Kd6 48. Rb1 b3 49. Rb2 Bc4 50.
Nc5 Rxc5 51. dxc5+ Kxc5 52. Kf2 Kd4 53. g4 Kc3 54. Rxb3+ Bxb3 55. Kf3 Kd4 56. Kf4 h6 57. h4 Bc2 58. h5 g5+ 59. Kf3 Ke5 60. Ke3 Be4 61. Kf2 Kf4 62. Kg1 Kxg4 63. Kf2 Kxh5 0-1

[Event "*** Qualifier 1: Titled Tuesday 3|2 Blitz"]
[Site "Chess.com"]
[Date "2017.04.04"]
[Round "10"]
[White "daro94"]
[Black "plouarzel"]
[Result "1-0"]
[WhiteElo "2709"]
[BlackElo "2427"]
[TimeControl "180+2"]
[EndTime "15:24:12 PDT"]
[Termination "daro94 won by checkmate"]

1. d4 g6 2. e4 Bg7 3. Nc3 e6 4. h4 d5 5. e5 h6 6. f4 Ne7 7. h5 a6 8. Nf3 c5 9. dxc5 Qc7 10.
Be3 g5 11. fxg5 hxg5 12. Bxg5 Bxe5 13. Qd2 Bg3+ 14. Kd1 Nd7 15. Bd3 Qxc5 16. Ne2 Bd6 17. Be3 Qc7 18. Ng5 Ne5 19. h6 Ng4 20. h7 Bd7 21. c3 e5 22. Ng3 f6 23. Nf3 O-O-O 24.
Be2 Nxe3+ 25. Qxe3 e4 26. Nd4 Bxg3 27. Kc2 Bf4 28.
Qf2 Be5 29. Rad1 Nc6 30. Kb1 Kb8 31. Nb3 f5 32. Rxd5 Be6 33. Rxd8+ Qxd8 34. Nc5 Bc8 35. Rd1 Qe7 36. Na4 Rxh7 37. Nb6 Rh8 38. Nxc8 Rxc8 39. Qxf5 Bc7 40. Rd7 Qh4 41. Bg4 Qe1+ 42. Rd1 Qxd1+ 43.
Bxd1 Re8 44. Qg6 Re7 45. Be2 e3 46. g4 Ne5 47. Qf6 Rf7 48. Qh8+ Ka7 49. Qh3 Bb6 50. g5 Rf2 51. Qh5 Rg2 52. a3 Ng6 53. Ka2 Nf4 54. Qf3 Rxe2 55. Qxf4 Rf2 56. Qe4 e2 57. g6 Rg2 58. g7 Rxg7 59. Qxe2 Rc7 60. Qe4 Rc5 61. a4 a5 62. Qf3 Rc6 63. Kb3 Rc5 64. Kc2 Rc7 65. Qf5 Rc5 66. Qg4 Rc6 67. Kd3 Rd6+ 68. Kc2 Rc6 69. Qh3 Rc7 70. Kd3 Bc5 71. Qg4 Bb6 72.
b4 Rc6 73. Qf5 Rd6+ 74. Kc2 axb4 75. cxb4 Rc6+ 76. Kb3 Bd4 77. a5 Rd6 78. Ka4 Rc6 79. Qd7 Bf2 80. Qd2 Bg1 81. Qe1 Bd4 82. Qd1 Be3 83.
Qd3 Bf2 84. Kb5 Bg1 85. Qg3 Bd4 86. Qg4 Be3 87. Qe4 Bf2 88. Qe7 Bd4 89. Qf7 Be3 90.
Ka4 Bg1 91. b5 Rd6 92. b6+ Bxb6 93. axb6+ Rxb6 94. Qf2 Ka6 95. Qc5 Rb2 96. Qa5# 1-0

[Event "*** Qualifier 1: Titled Tuesday 3|2 Blitz"]
[Site "Chess.com"]
[Date "2017.04.04"]
[Round "10"]
[White "keisyzrk"]
[Black "severomorskij"]
[Result "1/2-1/2"]
[WhiteElo "2284"]
[BlackElo "2645"]
[TimeControl "180+2"]
[EndTime "15:24:33 PDT"]
[Termination "Game drawn by repetition"]

1. d4 Nf6 2. c4 e6 3. Nc3 Bb4 4.
f3 O-O 5. e4 d5 6. e5 Nh5 7. Be3 f6 8. f4 fxe5 9. Qxh5 Rf5 10.
Qd1 exf4 11. Bf2 e5 12. dxe5 Rxe5+ 13. Be2 Bg4 14. Kf1 Bxe2+ 15. Ncxe2 Nc6 16. Nf3 Rf5 17. Qd3 Qd7 18. Rd1 Rd8 19. c5 b6 20. Ned4 Rff8 21. Nxc6 Qxc6 22. Nd4 Qf6 23. c6 Bc5 24. a3 Rde8 25. b4 Bxd4 26. Qxd4 Qe7 27. Qxd5+ Kh8 28.
Qd7 Qe2+ 29. Kg1 f3 30. g3 h6 31. h4 Re7 32. Qd4 Qc2 33. Kh2 Re2 34. Rhf1 Qxc6 35. Qd7 Qc2 36. Kg1 Qg6 37. Qxc7 Qg4 38. Qd7 Rf5 39.
Kh2 h5 40. Rd4 Qg6 41. Qd8+ Kh7 42. Rd6 Qg4 43. Rd4 Qg6 44. Qd6 Rf6 45. Qd5 Rf5 46.
Qc4 Rfe5 47. Rf4 Rc2 48. Qb3 Ree2 49. Qxf3 Red2 50. Rf5 Kh6 51. Kg1 Kh7 52. Qxh5+ Qxh5 53. Rxh5+ Kg8 54. Rg5 Re2 55. h5 Kh7 56. Kg2 Ra2 57.
Kh3 Rxf2 58. Rxf2 Rxf2 59. a4 Rb2 60. Rb5 Kh6 61. Kg4 Rc2 62. Kh4 Rh2+ 63. Kg4 Rc2 64. Kh3 Rc4 65. a5 bxa5 66. bxa5 a6 67. Rb6+ Kxh5 68. Rxa6 Ra4 69. Ra7 g5 70. g4+ Kg6 71.
Ra6+ Kf7 72. Kg3 Ke7 73. Kf3 Rf4+ 74. Kg3 Ra4 75. Ra7+ Kf6 76. a6 Ke5 77. Re7+ Kf6 78. Ra7 Ra3+ 79. Kf2 Ra4 80. Ra8 Kg7 81. Kf3 Rf4+ 82.
Ke3 Rxg4 83. Rb8 Ra4 84. Rb7+ Kg6 85. a7 Kh5 86. Kf2 g4 87. Kg3 Ra3+ 88. Kg2 Kh4 89. Rh7+ Kg5 90. Rg7+ Kh4 91. Rh7+ Kg5 92. Rb7 Kh4 93.
Rh7+ Kg5 94. Rg7+ Kh4 95. Rh7+ Kg5 96. Rb7 Kh4 97. Rh7+ 1/2-1/2

[Event "*** Qualifier 1: Titled Tuesday 3|2 Blitz"]
[Site "Chess.com"]
[Date "2017.04.04"]
[Round "10"]
[White "iturrizaga"]
[Black "AkshatChandra"]
[Result "1/2-1/2"]
[WhiteElo "2662"]
[BlackElo "2655"]
[TimeControl "180+2"]
[EndTime "15:25:36 PDT"]
[Termination "Game drawn by repetition"]

1. Nf3 d5 2. c4 e6 3. g3 dxc4 4.
Qa4+ c6 5. Qxc4 b5 6. Qc2 Bb7 7. a4 Nd7 8. Bg2 Ngf6 9. O-O a6 10.
Nc3 b4 11. Nd1 c5 12. Ne3 Be7 13. b3 O-O 14. Bb2 a5 15. Rac1 Rc8 16. Rfd1 Nb6 17. Ne5 Bxg2 18. Kxg2 Nfd7 19. N5c4 Nxc4 20. Nxc4 Qc7 21. d4 Rfd8 22. d5 exd5 23. Rxd5 Nb6 24. Rxd8+ Rxd8 25. Qe4 Bf8 26. Nxa5 Nxa4 27. Nc4 Nxb2 28.
Nxb2 Qa5 29. Na4 Qb5 30. Rc4 Re8 31. Qf3 g6 32. Nb2 Qa6 33. Nd3 Qa2 34. Nxc5 Qxe2 35. Nd7 Qxf3+ 36. Kxf3 Be7 37. Re4 f5 38. Rc4 Kf7 39.
Ne5+ Ke6 40. Nc6 Bf8 41. Nxb4 Rb8 42. Nd3 Rxb3 43. Ke2 Bd6 44. Rc6 Kd5 45. Ra6 Ra3 46.
Nf4+ Ke5 47. Rc6 Ra2+ 48. Kf3 g5 49. Nh5 g4+ 50. Kg2 Kd5 51. Rc1 Bc5 52. Nf4+ Kd6 53. Rd1+ Kc6 54. Nd3 Bd6 55. h3 h5 56. h4 Ra4 57.
Re1 f4 58. Nxf4 Bxf4 59. gxf4 Rxf4 60. Re5 Rf3 61. Rxh5 Rh3 62. Re5 Kd6 63. Re1 Rxh4 64. Kg3 Rh8 65. Kxg4 Rg8+ 66. Kh4 Rf8 67. Re2 Rh8+ 68.
Kg3 Rg8+ 69. Kh3 Rh8+ 70. Kg2 Rg8+ 71. Kf1 Rf8 72. Re3 Kd5 73. f3 Rf5 74. Kf2 Re5 75. Ra3 Ke6 76. Kg3 Kf7 77. Kf4 Rb5 78. Ra7+ Kf6 79.
Ra6+ Kf7 80. Rd6 Ra5 81. Kg4 Rb5 82. Rd4 Ra5 83. Rf4+ Kg6 84. Rd4 Kf7 85. Kf4 Kf6 86. Rd6+ Kf7 87. Ke4 Ke7 88. Rb6 Kf7 89. Kf4 Rc5 90.
Kg4 Ra5 91. f4 Rc5 92. Rd6 Ra5 93. Rd2 Kf6 94. Rd8 Kf7 95. Rh8 Rb5 96. Rh6 Ra5 97. Rd6 Ke7 98. Rd2 Kf7 99. Kf3 Kf6 100. Ke4 Ra4+ 101. Kf3 Ra5 102. Rd7 Kf5 103. Rf7+ Ke6 104. Rf8 Ke7 105. Rg8 Kf7 106. Rc8 Kf6 107. Kg4 Kf7 108. Rc6 Rb5 109. f5 Rb1 110. Rc7+ Kf6 111. Rc6+ Kf7 112. Rc4 Kf6 113. Rc6+ Kf7 1/2-1/2